 Dungeon Crawl Stone Soup version 0.30.1-1-g62c8e00024 (webtiles) character file.

Game seed: 6994808884423135778

6087 tizbic2 the Summoner (level 10, -1/102 HPs)
             Began as an Ogre Summoner on July 14, 2023.
             Was a Priest of Sif Muna.
             Succumbed to a killer bee's poison
             ... on level 9 of the Dungeon.
             The game lasted 00:39:46 (8816 turns).

tizbic2 the Summoner (Ogre Summoner)                Turns: 8816, Time: 00:39:47

Health: -1/102     AC:  9    Str: 14    XL:     10   Next: 88%
Magic:  11/21      EV:  9    Int: 26    God:    Sif Muna [***...]
Gold:   404        SH:  0    Dex:  9    Spells: 14/24 levels left

rFire   + . .        d - +4 scythe (freeze)
rCold   . . .        (shield currently unavailable)
rNeg    . . .        w - +0 acid dragon scales
rPois   .            (helmet restricted)
rElec   .            e - +1 cloak
rCorr   +            (gloves unavailable)
SInv    .            (boots unavailable)
Will    +....        t - amulet of faith
Stlth   +            g - ring of protection from fire
HPRegen 0.37/turn    y - +6 ring of intelligence
MPRegen 0.17/turn

%: faith
@: lethally poisoned (-1 -> -38), about to teleport, hasted, very quick
A: large, unfitting armour, tough skin 1
a: Renounce Religion, Channel Magic, Forget Spell


You were on level 9 of the Dungeon.
You worshipped Sif Muna.
Sif Muna was most pleased with you.
You visited 2 branches of the dungeon, and saw 10 of its levels.

You collected 404 gold pieces.

Inventory:

Hand Weapons
 a - a +4 dagger of protection
 d - a +4 scythe of freezing (weapon)
 u - a +0 giant club
 B - a +3 spear of freezing
 F - a +0 flail of venom
 I - a +4 trident
Missiles
 s - 22 poisoned darts
 C - 4 silver javelins
 E - 2 boomerangs
Armour
 e - a +1 cloak (worn)
 i - a +2 robe of resistance
 w - +0 acid dragon scales (worn)
Magical Staves
 G - a staff of fire
Jewellery
 g - a ring of protection from fire (left hand)
 t - an amulet of faith (around neck)
 y - a +6 ring of intelligence (right hand)
 H - a +6 ring of strength
Wands
 h - a wand of iceblast (5)
Scrolls
 c - 2 scrolls of summoning
 j - a scroll of noise {unknown}
 m - 6 scrolls of vulnerability
 n - a scroll of immolation {unknown}
 p - 3 scrolls of fog
 x - a scroll of teleportation
 A - a scroll of identify
 D - a scroll of fear {unknown}
 J - a scroll of magic mapping {unknown}
Potions
 b - a potion of magic
 f - 4 potions of mutation {unknown}
 k - 3 potions of brilliance
 l - a potion of berserk rage
 o - a potion of degeneration {unknown}
 q - 2 potions of attraction {unknown}
 r - a potion of haste
 v - 3 potions of might


   Skills:
 + Level 7.2 Fighting
 - Level 1.7 Maces & Flails
 + Level 5.9 Polearms
 - Level 1.7 Dodging
 - Level 1.4 Stealth
 + Level 7.8 Spellcasting
 * Level 8.3 Summonings
 + Level 2.7 Necromancy
 + Level 7.1 Air Magic


You had 14 spell levels left.
You knew the following spells:

 Your Spells              Type           Power      Damage    Failure   Level
a - Summon Small Mammal   Summ           100%       N/A       1%          1
b - Call Imp              Summ           100%       N/A       1%          2
c - Summon Lightning Spi  Summ/Air       50%        N/A       3%          4
d - Call Canine Familiar  Summ           52%        N/A       1%          3

Your spell library contained the following spells:

 Spells                   Type           Power      Damage    Failure   Level
 Kiss of Death            Conj/Necr      68%        2d10      4%          1
 Summon Guardian Golem    Hex/Summ       31%        N/A       4%          3
 Freeze                   Ice            40%        1d6       9%          1
 Confusing Touch          Hex            10%        N/A       26%         3
 Frozen Ramparts          Ice            20%        1d4       26%         3
 Hailstorm                Conj/Ice       10%        3d5       26%         3
 Dispel Undead            Necr           24%        3d12      26%         4


Dungeon Overview and Level Annotations

Branches:
Dungeon (9/15)             Temple (1/1) D:5
   Lair: D:8-11         Orc: D:9-12

Altars:
Ashenzari
Cheibriados
Dithmenos
Elyvilon
Fedhas
Gozag
Hepliaklqana
Kikubaaqudgha
Nemelex Xobeh
Okawaru
Qazlal
Sif Muna
Trog
Uskayaw
Xom
Yredelemnul
Zin


Innate Abilities, Weirdness & Mutations

You are too large for most types of armour.
You have tough skin. (AC +1)


Message History

The killer bee poisons you!
As you read the scroll of teleportation, it crumbles to dust.
You feel strangely unstable.
* * * LOW HITPOINT WARNING * * *
You feel extremely sick. The wyvern closely misses you.
The killer bee stings you!
* * * LOW HITPOINT WARNING * * *
You are more poisoned.
The killer bee poisons you! The killer bee barely misses you.
The wyvern bites you but does no damage.
The killer bee stings you.
* * * LOW HITPOINT WARNING * * *
The killer bee stings you.
* * * LOW HITPOINT WARNING * * *
Your lightning spire shoots out a bolt of lightning at the wyvern!
The bolt of electricity hits the wyvern!
The wyvern dies!
Sif Muna accepts your kill.
Your life force feels restored.
You feel much better.
* * * LOW HITPOINT WARNING * * *
You feel extremely sick.
The killer bee stings you but does no damage. x2
The killer bee stings you.
* * * LOW HITPOINT WARNING * * *
You are more poisoned.
The killer bee poisons you!
The killer bee stings you but does no damage.
The killer bee stings you.
* * * LOW HITPOINT WARNING * * *
You are more poisoned.
The killer bee poisons you!
You feel yourself speed up.
* * * LOW HITPOINT WARNING * * *
You feel extremely sick. The killer bee barely misses you. x3
The killer bee stings you but does no damage. x2
The killer bee attacks as you move away!
The killer bee barely misses you.
You die...

###### ..#####.....
#......))... # #####..)#8##
..########### #..)####
............# #.......
......[.yy8.### #.....>.
##.....c..@...#### #....[..
.......yy####....######.##.
#........#######..#####.##.
...........................
#?......#########>....#.##.
......... #######[.....
##....... .....##...##.
#.......y #........##.
##....... #.....##.


You could see a centaur, 4 killer bees and a friendly lightning spire
(summoned).

Vanquished Creatures
  Pikel (D:8)
  Sigmund (D:5)
  4 yaks (D:9)
  An orc warrior (D:7)
  A black bear (D:3)
  A lemure (D:8)
  2 centaurs
  2 kobold brigands
  A scorpion (D:4)
  2 wights
  A howler monkey (D:7)
  A jelly (D:6)
  3 orc priests
  Natasha (D:3)
  An iguana (D:4)
  3 orc wizards (D:9)
  4 adders
  A white imp (D:5)
  A nameless horror (D:4)
  An ufetubus (D:7)
  2 dart slugs
  6 orcs
  4 ball pythons
  3 endoplasms
  A giant cockroach (D:4)
  2 goblins
  6 hobgoblins
  6 kobolds
  2 quokkas
  3 bats
  A rat (D:2)
69 creatures vanquished.

Vanquished Creatures (collateral kills)
  A two-headed ogre (D:8)
  Prince Ribbit (D:5)
  Eustachio (D:5)
  A wyvern (D:9)
  2 yaks (D:9)
  An acid dragon (D:8)
  4 orc warriors
  2 ogres
  2 centaurs (D:9)
  A kobold brigand (D:9)
  3 lemures (D:8)
  A phantom (D:5)
  A bullfrog (D:7)
  3 scorpions
  11 wights
  2 howler monkeys
  3 hounds
  3 jellies
  A gnoll bouda (D:6)
  2 orc priests
  3 iguanas
  8 orc wizards
  5 gnolls (D:6)
  7 adders
  A white imp (D:5)
  An ufetubus (D:5)
  A dart slug (D:1)
  18 orcs
  2 bats
  4 endoplasms
  2 giant cockroaches
  4 goblins
  3 hobgoblins
  2 quokkas
  5 ball pythons (D:1)
  2 frilled lizards
  18 kobolds
  3 rats
135 creatures vanquished.

Vanquished Creatures (others)
  An orc wizard (D:8)
1 creature vanquished.

Grand Total: 205 creatures vanquished

Notes
Turn   | Place    | Note
-------+----------+-------------------------------------------
     0 | D:1      | tizbic2 the Ogre Summoner began the quest for the Orb.
     0 | D:1      | Reached XP level 1. HP: 16/16 MP: 3/3
   136 | D:1      | Reached skill level 1 in Air Magic
   136 | D:1      | Reached XP level 2. HP: 24/24 MP: 3/5
   383 | D:1      | Reached XP level 3. HP: 31/31 MP: 5/7
   758 | D:2      | Learned a level 2 spell: Call Imp
  1668 | D:3      | Reached XP level 4. HP: 35/39 MP: 6/8
  2073 | D:3      | Noticed a black bear
  2103 | D:3      | Killed a black bear
  2104 | D:3      | Reached XP level 5. HP: 31/45 MP: 4/10
  2177 | D:3      | Noticed Natasha
  2189 | D:3      | Killed Natasha
  2673 | D:3      | Reached XP level 6. HP: 52/53 MP: 12/12
  3202 | D:4      | Learned a level 4 spell: Summon Lightning Spire
  3290 | D:4      | Reached skill level 1 in Fighting
  3386 | D:4      | Reached XP level 7. HP: 60/62 MP: 14/14
  3490 | D:4      | Reached skill level 4 in Summonings
  3571 | D:4      | Reached skill level 5 in Spellcasting
  3849 | D:4      | Found a hazy altar of Hepliaklqana.
  3873 | D:5      | Entered Level 5 of the Dungeon
  3897 | D:5      | Reached skill level 5 in Air Magic
  4104 | D:5      | Found a staircase to the Ecumenical Temple.
  4110 | Temple   | Entered the Ecumenical Temple
  4158 | Temple   | Became a worshipper of Sif Muna the Loreminder
  4196 | D:5      | Noticed Eustachio
  4210 | D:5      | Killed Eustachio
  4237 | D:5      | Reached skill level 1 in Maces & Flails
  4511 | D:5      | Reached XP level 8. HP: 75/75 MP: 10/16
  4599 | D:5      | Noticed Sigmund
  4609 | D:5      | Killed Sigmund
  4610 | D:5      | Reached skill level 5 in Summonings
  4626 | D:5      | Noticed Prince Ribbit
  4638 | D:5      | Killed Prince Ribbit
  4639 | D:5      | Reached skill level 1 in Polearms
  5055 | D:5      | Learned a level 3 spell: Call Canine Familiar
  5296 | D:6      | Reached * piety under Sif Muna
  5361 | D:6      | Reached XP level 9. HP: 85/85 MP: 10/18
  5380 | D:6      | Reached skill level 6 in Summonings
  5661 | D:6      | Reached skill level 5 in Fighting
  5666 | D:6      | Reached ** piety under Sif Muna
  5892 | D:6      | Found a snail-covered altar of Cheibriados.
  6649 | D:7      | Found a hide-covered altar of Uskayaw.
  6649 | D:7      | Found a shadowy altar of Dithmenos.
  7304 | D:8      | Reached skill level 7 in Summonings
  7509 | D:8      | Noticed a two-headed ogre
  7540 | D:8      | Killed a two-headed ogre
  7541 | D:8      | Reached skill level 5 in Polearms
  7541 | D:8      | Reached skill level 1 in Necromancy
  7541 | D:8      | Reached XP level 10. HP: 36/98 MP: 4/20
  7836 | D:8      | Noticed Pikel
  7851 | D:8      | Killed Pikel
  8272 | D:9      | Reached skill level 8 in Summonings
  8277 | D:9      | Reached *** piety under Sif Muna
  8813 | D:9      | HP: 4/101 [killer bee (2)]
  8816 | D:9      | Succumbed to a killer bee's poison

Illustrated notes

Levels and vault maps discovered:
D:1:      scummos_arrival_star, layout_loops_ring
D:2:      layout_loops_corners, minmay_misc_feat_pillars,
          kennysheep_cluttered_room, kennysheep_cross_room
D:3:      layout_loops_corners, chequers_serial_rivers_large_b, uniq_natasha
D:4:      layout_basic, kennysheep_mini_moat
D:5:      layout_basic, minmay_temple_entry_enclosed_plants, nicolae_half_adder,
          uniq_prince_ribbit1, uniq_eustachio, uniq_sigmund
D:6:      layout_basic, mainiacjoe_overflow_brackets
D:7:      layout_basic, amethyst_overflow_temple_binary,
          serial_co_window_serial, co_window_cross_1, co_window_paths_b,
          co_window_corner_a, co_window_of_opportunity_a,
          co_window_of_opportunity_a, co_window_broadway_b, co_window_2corner,
          co_window_2corner, co_window_2corner, co_window_unsneaky_path_e,
          glass_columns_a
D:8:      layout_loops_ring, columned_hall_lemuel, uniq_pikel
D:9:      layout_rooms, serial_corexii_hall, chequers_hall_statues_wall_a,
          chequers_hall_statues_wall_a
Temple:   nicolae_temple_ecumenical_triangle

Skill      XL: |  1  2  3  4  5  6  7  8  9 10 |
---------------+-------------------------------+-----
Air Magic      | 1 2 3 4 5 6 7 |  7.1
Spellcasting   | 3 4 5 6 7 |  7.8
Fighting       | 1 3 4 6 7 |  7.2
Summonings     | 4 5 7 8 |  8.3
Maces & Flails | 1 |  1.7
Polearms       | 2 5 |  5.9
Necromancy     | 1 2 |  2.7
Dodging        | |  1.7
Stealth        | |  1.4

Action                     |  1- 3 |  4- 6 |  7- 9 | 10-12 || total
---------------------------+-------+-------+-------+-------++-------
  Melee: Dagger            |    69 |    99 |    44 |     3 ||   215
         Punch             |       |     1 |       |       ||     1
         Giant club        |       |       |    26 |       ||    26
         Halberd           |       |       |    35 |    56 ||    91
         Spear             |       |       |    30 |       ||    30
   Fire: Sling             |       |     3 |       |       ||     3
   Cast: Summon Small Mamm |    25 |    26 |    13 |       ||    64
         Call Imp          |     4 |     8 |     9 |     2 ||    23
         Summon Lightning  |       |     1 |    26 |    15 ||    42
         Call Canine Famil |       |       |    13 |     3 ||    16
    Use: Scroll            |       |    10 |     6 |     2 ||    18
         Potion            |       |     2 |     2 |     3 ||     7
   Stab: Sleeping          |     2 |     2 |     1 |       ||     5
         Distracted        |     1 |       |       |     1 ||     2
 Armour: Robe              |    26 |    47 |    61 |       ||   134
         Acid dragon scale |       |       |       |    53 ||    53
  Dodge: Dodged            |    39 |    53 |    98 |    33 ||   223
